 Seeded DCSS version 0.31-a0-851-g7ff8af7976 (webtiles) character file.

Game seed: 8555861203913339888 (custom seed)

9 Psyclone the Ruffian (level 2, 21/23 HPs)
             Began as a Draconian Shapeshifter on Oct 5, 2023.
             Quit the game on level 1 of the Dungeon.
             The game lasted 00:00:51 (244 turns).

Psyclone the Ruffian (Draconian Shapeshifter)        Turns: 244, Time: 00:00:52

Health: 21/23      AC:  4    Str: 16    XL:     2   Next: 6%
Magic:  2/2        EV: 12    Int: 10    God:
Gold:   0          SH:  0    Dex: 10    Spells: 1/1 levels left

rFire   . .          .
                       - Unarmed
rCold   . . .        (no shield)
rNeg    . . .        (body armour unavailable)
rPois   .            (helmet currently unavailable)
rElec   .            (cloak currently unavailable)
rCorr   .            (gloves currently unavailable)
SInv    .            (boots currently unavailable)
Will    .....        (no amulet)
Stlth   +            (no ring)
HPRegen 0.23/turn    (no ring)
MPRegen 0.08/turn

%: no passive effects
@: beast-form
A: beast (slay +1), AC +4, unfitting armour, cold-blooded
a: Begin Untransformation


You were on level 1 of the Dungeon.
You were a hulking beast.
You visited 1 branch of the dungeon, and saw 1 of its levels.

Inventory:

Talismans
 b - a beast talisman (active)
 c - a flux talisman
Scrolls
 d - a scroll of acquirement
Potions
 a - a potion of lignification


   Skills:
 + Level 1.4 Fighting
 + Level 2.0 Dodging
 + Level 3.1 Unarmed Combat
 + Level 3.1 Shapeshifting


You had one spell level left.
You didn't know any spells.
Your spell library was empty.

Dungeon Overview and Level Annotations

Branches:
Dungeon (1/15) Zot: 5756

Altars:


Innate Abilities, Weirdness & Mutations

You are a hulking beast.
Your limbs bulge with bestial killing power. (Slay +1)
Your plain brown scales are hard. (AC +4)
You cannot fit into any form of body armour.
You are cold-blooded and may be slowed by cold attacks.


Message History

The frilled lizard is heavily wounded.
The frilled lizard closely misses you.
You barely miss the frilled lizard.
The frilled lizard is heavily wounded.
The frilled lizard barely misses you.
You hit the frilled lizard.
You kill the frilled lizard!
Your Dodging skill increases to level 2!
Health restored: 16 You closely miss the frilled lizard.
The frilled lizard barely misses you.
You hit the frilled lizard.
You kill the frilled lizard!
You have reached level 2!
Health restored: 23; MP restored: 2 You see here a frilled lizard corpse.
You start waiting.
Done waiting.
A quokka comes into view.
You hit the quokka.
Your tail-slap misses the quokka.
The quokka is lightly wounded.
The quokka bites you.
You take 1 damage, and have 22/23 hp.
You hit the quokka.
The quokka is severely wounded.
The quokka misses you.
You barely miss the quokka.
The quokka is severely wounded.
The quokka bites you.
You take 4 damage, and have 18/23 hp.
You closely miss the quokka.
The quokka is severely wounded.
The quokka barely misses you.
You hit the quokka.
You kill the quokka!
Found 3 scrolls labelled XUBBEDGHI ZUXAESU.
d - 3 scrolls labelled XUBBEDGHI ZUXAESU This is a scroll of acquirement!
Something appears at your feet! Something appears at your feet!
Unknown command.
Are you sure you want to abandon this character and quit the game? (Confirm with "yes".)

#.# ## ##.# ### .. ...
..# #.#####.# #.#
.#..h..#.###.#
#.....##.#.....#
#......#.#.....# #####
................####....
............###.........
......#........#........
......#..........#......
......#.................
. #...##.....#......


There were no monsters in sight!

Vanquished Creatures
  An endoplasm (D:1)
  2 hobgoblins (D:1)
  2 jackals (D:1)
  A quokka (D:1)
  2 frilled lizards (D:1)
8 creatures vanquished.

Notes
Turn   | Place    | Note
-------+----------+-------------------------------------------
     0 | D:1      | Psyclone the Draconian Shapeshifter began the quest for the
                  | Orb.
     0 | D:1      | Reached XP level 1. HP: 16/16 MP: 1/1
   111 | D:1      | Reached XP level 2. HP: 23/23 MP: 2/2
   242 | D:1      | Identified 3 scrolls of acquirement
   242 | D:1      | Acquired the ring of Mutualism {Fly rF++}
   243 | D:1      | Acquired 759 gold pieces
   244 | D:1      | Quit the game

Illustrated notes

Levels and vault maps discovered:
D:1:      dpeg_arrival_more_subterranean_lakeside_camping, layout_basic

Skill      XL: |  1 |
---------------+----+-----
Dodging        | 2 |  2.0
Fighting       | |  1.4
Unarmed Combat | |  3.1
Shapeshifting  | |  3.1

Action                     || total
---------------------------++-------
  Melee: Unarmed           ||    27
         Tailslap          ||     2
    Use: Scroll            ||     2
 Armour: Skin              ||    12
  Dodge: Dodged            ||    16

Table legend: (Time is in decaauts)
 A = Elapsed time spent in this place.
 B = Non-inter-level travel time spent in this place.
 C = Inter-level travel time spent in this place.
 D = Time resting spent in this place.
 E = Time spent auto-exploring this place.
 F = Levels seen in this place.
 G = Mean time per level.
                   A        B        C        D        E       F      G
               +--------+--------+--------+--------+--------+-----+--------+
         Total |    243 |    243 |      0 |    147 |      0 |   1 |  243.0 |
       Dungeon |    243 |    243 |      0 |    147 |      0 |   1 |  243.0 |
               +--------+--------+--------+--------+--------+-----+--------+

Top non-repeatable levels by time:
     D:1: 243 daAuts
